 Dungeon Crawl Stone Soup version 0.22-a0-247-gbddf880 (webtiles) character file.

5823 Gorglomux the Fighter (level 10, -1/208 HPs)
             Began as a Minotaur Conjurer on Feb 23, 2018.
             Was an Elder of Okawaru.
             Slain by a manticore (3 damage)
             ... on level 11 of the Dungeon.
             The game lasted 00:12:38 (8931 turns).

Gorglomux the Fighter (Minotaur Conjurer)           Turns: 8931, Time: 00:12:39

Health: -1/208     AC: 25    Str: 22    XL:     10   Next: 51%
Magic:  0/11       EV:  2    Int: 12    God:    Okawaru [****..]
Gold:   545        SH:  0    Dex: 10    Spells: 10/11 levels left

rFire    . . .     SeeInvis .   G - +0 dagger (drain)
rCold    . . .     Gourm    .   (no shield)
rNeg     + + +     Faith    .   (armour currently unavailable)
rPois    +         Spirit   +   (helmet currently unavailable)
rElec    .         Reflect  .   (cloak currently unavailable)
rCorr    .         Harm     .   (gloves currently unavailable)
MR       .....     NoTele   +   (boots currently unavailable)
Stlth    ..........             S - amulet of guardian spirit
HPRegen  0.44/turn              x - ring of stealth
MPRegen  0.12/turn              (no ring)

@: mighty, berserking, tree-form (expiring), heroism, barbed spikes, hasted,
very quick
A: (retaliatory headbutt)
a: Heroism, Renounce Religion


You were on level 11 of the Dungeon.
You worshipped Okawaru.
Okawaru was greatly pleased with you.
You were hungry.
You were a tree.
You visited 2 branches of the dungeon, and saw 11 of its levels.

You collected 545 gold pieces.

Inventory:

Hand Weapons
 a - a +2 scimitar of flaming
 b - a +1 war axe of freezing
 G - a +0 dagger of draining (weapon)
Missiles
 Z - a throwing net (quivered)
Armour
 D - a +0 plate armour (melded)
 F - a +1 hat of magic resistance (melded)
 I - a +2 cloak (melded)
Jewellery
 x - a ring of stealth (left branch)
 H - an uncursed amulet of magic regeneration {unknown}
 S - an amulet of guardian spirit (around neck)
Wands
 P - a wand of paralysis (10)
Scrolls
 n - 3 scrolls of fog
 p - a scroll of blinking {unknown}
 t - a scroll of noise {unknown}
 C - a scroll of amnesia {unknown}
 E - 2 scrolls of holy word {unknown}
 M - a scroll of magic mapping
 N - 4 scrolls of remove curse {unknown}
 R - 3 scrolls of identify
 T - a scroll of teleportation
 U - 2 scrolls of immolation
 X - 3 scrolls of enchant weapon
 Y - 4 scrolls of enchant armour {unknown}
Potions
 l - a potion of brilliance
 s - a potion of resistance
 O - a potion of magic
 Q - 2 potions of curing
 V - a potion of haste
Comestibles
 g - 12 rations


   Skills:
 + Level 9.9(14.9) Fighting
 + Level 8.8(13.8) Axes
 + Level 8.8(13.8) Armour
 + Level 9.4(14.4) Dodging
 - Level 1.5(6.5) Stealth
 - Level 1.3 Spellcasting
 - Level 2.9 Conjurations


You had 10 spell levels left.
You knew the following spells:

 Your Spells              Type           Power        Failure   Level  Hunger
a - Magic Dart            Conj           #...         9%          1    ##.....


Dungeon Overview and Level Annotations

Branches:
Dungeon (11/15)            Temple (1/1) D:6
   Lair: D:8-11         Orc: D:9-12

Altars:
Ashenzari
Cheibriados
Dithmenos
Elyvilon
Fedhas
Gozag
Hepliaklqana
Kikubaaqudgha
Makhleb
Nemelex Xobeh
Okawaru
Qazlal
Ru
Sif Muna
Trog
Uskayaw
Vehumet
Xom
Yredelemnul
Zin
The Shining One

Annotations:
D:7 2 transporters


Innate Abilities, Weirdness & Mutations

((You reflexively headbutt those who attack you in melee.))
((You have a pair of horns on your head.))


Message History

Your transformation is almost over!
The orc butt casts a spell at you!
You easily resist!
The orc hits you from afar with a glaive! * * * don't die
* * * The manticore bites you! * * * don't die
* * * The manticore claws you! * * * don't die
* * * The manticore claws you but does no damage!
You stick the manticore like a pincushion!
The manticore is lightly wounded!
You skewer the manticore like a kebab! You drain the manticore!!!
The butt is moderately wounded!
The orc wizard hits butt but does no damage!
The manticore bites you!!! * * * don't die
* * * The manticore claws you but does no damage!
The manticore claws you! rip

#.## #...
#..#
#..####.##
#........#
##.##.#..#
#.##....$
#oHT{...#
#♣###$..#
#.)oFY..#
#####...#
.# ....
....


You could see a death yak, a manticore, a troll, a bullfrog, an orc wizard and
an orc.

Vanquished Creatures
  Gastronok (D:8)
  Erica (D:8)
  Pikel (D:3)
  A centaur skeleton (D:11)
  A hippogriff (D:8)
  A yak (D:10)
  A hungry ghost (D:8)
  A water moccasin (D:8)
  An orc warrior (D:7)
  An ice beast (D:5)
  A sky beast (D:5)
  2 slaves (D:3)
  A phantom (D:8)
  4 ogres
  5 centaurs
  4 bullfrogs
  A water moccasin skeleton (D:8)
  4 crimson imps
  7 hounds
  2 jellies
  3 orc wizards
  2 orc priests
  An iron imp (D:6)
  4 iguanas
  2 worker ants
  Robin (D:2)
  4 gnolls (D:6)
  7 adders
  An ooze (D:4)
  5 worms
  2 dart slugs (D:1)
  6 leopard geckos
  16 orcs
  7 bats
  5 giant cockroaches
  18 goblins
  8 hobgoblins
  7 jackals
  3 quokkas
  A ball python (D:3)
  8 frilled lizards
  A goblin skeleton (D:6)
  8 kobolds
  A kobold skeleton (D:6)
  A kobold zombie (D:6)
  An orc skeleton (D:6)
  An orc zombie (D:6)
  7 rats
172 creatures vanquished.

Notes
Turn   | Place    | Note
-------+----------+-------------------------------------------
     0 | D:1      | Gorglomux the Minotaur Conjurer began the quest for the Orb.
     0 | D:1      | Reached XP level 1. HP: 14/14 MP: 1/1
   130 | D:1      | Reached skill level 1 in Fighting
   335 | D:1      | Reached XP level 2. HP: 13/23 MP: 3/3
   644 | D:1      | Reached skill level 3 in Dodging
   994 | D:2      | Reached XP level 3. HP: 29/29 MP: 4/4
  1529 | D:2      | Reached skill level 3 in Fighting
  1543 | D:2      | Noticed Robin
  1561 | D:2      | Reached XP level 4. HP: 8/38 MP: 5/5
  2049 | D:2      | Found a radiant altar of Vehumet.
  2049 | D:2      | Found a shattered altar of Ashenzari.
  2090 | D:2      | Killed Robin
  2280 | D:2      | Found a deep blue altar of Sif Muna.
  2589 | D:3      | Reached XP level 5. HP: 34/46 MP: 6/6
  3312 | D:4      | Found a basalt altar of Yredelemnul.
  3428 | D:4      | Reached skill level 1 in Axes
  3428 | D:4      | Reached skill level 1 in Armour
  3503 | D:4      | Noticed a slave
  3503 | D:4      | Noticed a slave
  3504 | D:4      | Noticed Pikel
  3536 | D:3      | Killed a slave
  3781 | D:3      | Killed a slave
  3872 | D:4      | Noticed a slave
  3876 | D:4      | Noticed a slave
  3896 | D:3      | Killed Pikel
  3896 | D:3      | Reached skill level 3 in Axes
  3896 | D:3      | Reached skill level 3 in Armour
  3896 | D:3      | Reached XP level 6. HP: 24/57 MP: 7/7
  3896 | D:3      | Reached XP level 7. HP: 26/62 MP: 8/8
  4309 | D:4      | Found a blossoming altar of Fedhas.
  4442 | D:5      | Entered Level 5 of the Dungeon
  4798 | D:5      | Reached skill level 6 in Fighting
  4798 | D:5      | Reached skill level 6 in Dodging
  4952 | D:5      | Reached XP level 8. HP: 49/70 MP: 9/9
  5894 | D:6      | Found a staircase to the Ecumenical Temple.
  6004 | Temple   | Entered the Ecumenical Temple
  6057 | Temple   | Became a worshipper of Warmaster Okawaru
  6758 | D:6      | Reached skill level 6 in Axes
  6797 | D:6      | Found a glowing golden altar of the Shining One.
  6895 | D:7      | Reached skill level 6 in Armour
  6895 | D:7      | Reached XP level 9. HP: 77/79 MP: 10/10
  7017 | D:7      | Reached * piety under Okawaru
  7089 | D:7      | Found a transporter.
  7091 | D:7      | Noticed a kobold demonologist
  7150 | D:7      | Noticed a kobold demonologist
  7232 | D:7      | Noticed a moth of wrath
  7234 | D:7      | Found a bloodstained altar of Trog.
  7574 | D:7      | Found a transporter.
  7728 | D:8      | Noticed Gastronok
  7733 | D:8      | Noticed Erica
  7746 | D:8      | Killed Gastronok
  7746 | D:8      | Reached ** piety under Okawaru
  7746 | D:8      | Reached *** piety under Okawaru
  7746 | D:8      | Reached **** piety under Okawaru
  7746 | D:8      | Reached skill level 9 in Fighting
  7746 | D:8      | Reached XP level 10. HP: 22/91 MP: 2/11
  7768 | D:8      | Killed Erica
  7768 | D:8      | Reached skill level 9 in Dodging
  8651 | D:8      | You fall through a shaft for 3 floors!
  8731 | D:10     | Entered Level 10 of the Dungeon
  8733 | D:10     | Noticed a death yak
  8733 | D:10     | Noticed a death yak
  8736 | D:10     | Noticed a death yak
  8739 | D:10     | Reached ***** piety under Okawaru
  8901 | D:11     | Noticed a manticore
  8929 | D:11     | HP: 10/208 [manticore (1)]
  8931 | D:11     | HP: 2/208 [manticore (8)]
  8931 | D:11     | Slain by a manticore

Vault maps used:
D:1:      minmay_arrival_cross
D:2:      lemuel_blue_sif_altar, gammafunk_temple_overflow_statue, first_ration,
          uniq_robin
D:4:      marbit_many_paths, yredelemnul_altar_generic, uniq_pikel
D:5:      minmay_checkerbox
D:6:      nicolae_tso_besieged_by_evil, minmay_temple_entry_steel_oval
D:7:      gammafunk_wand_slinger, tgw_trog
D:8:      uniq_gastronok, uniq_erica
D:10:     dpeg_lair_monsters, serial_shops, shop, nicolae_shop_waterfront
D:11:     serial_shops, nicolae_shop_window_shopping, grunt_livestock,
          nrook_pool_corridor, serial_park_tiny_2, serial_bayou_pond_e,
          roderic_lattice_a
Temple:   eino_wide_crystal_templ

Skill      XL: |  1  2  3  4  5  6  7  8  9 10 |
---------------+-------------------------------+-----
Fighting       | 1 2 3 5 6 7 9 |  9.9
Dodging        | 3 4 5 6 7 8 9 |  9.4
Axes           | 3 4 6 7 8 |  8.8
Armour         | 3 4 6 7 8 |  8.8
Stealth        | |  1.5
Spellcasting   | |  1.3
Conjurations   | |  2.9

Action                   |  1- 3 |  4- 6 |  7- 9 | 10-12 || total
-------------------------+-------+-------+-------+-------++-------
Melee: Dagger            |   121 |   141 |   106 |    47 ||   415
       Unarmed           |     7 |       |       |       ||     7
       Headbutt          |    10 |    21 |    33 |    19 ||    83
       War axe           |       |       |   168 |    79 ||   247
       Punch             |       |       |       |     1 ||     1
 Cast: Magic Dart        |     1 |       |       |       ||     1
Invok: Heroism           |       |       |     1 |     8 ||     9
Evoke: Wand              |       |       |     1 |     5 ||     6
  Use: Potion            |       |     4 |       |    13 ||    17
       Scroll            |       |       |     7 |     1 ||     8
  Eat: Chunk             |     2 |     7 |    13 |     2 ||    24
       Ration            |       |       |       |     2 ||     2
Armor: Robe              |    11 |       |       |       ||    11
       Ring mail         |    29 |    51 |    53 |       ||   133
       Plate armour      |       |       |    63 |    96 ||   159
       Skin              |       |       |       |    26 ||    26
Dodge: Dodged            |    88 |   113 |   162 |    45 ||   408

Table legend:
 A = Spawn XP
 B = Non-spawn XP
 C = Spawn XP percentage of total XP
 D = Spawn monster count
 E = Non-spawn monster count
 F = Spawn count percentage of total count
 G = Total turns spent on level
                    A         B        C        D         E        F      G
               +---------+---------+-------+---------+---------+-------+---------
         Total |       0 |    8319 |   0.0 |       0 |     170 |   0.0 |  8931
               +---------+---------+-------+---------+---------+-------+---------
           D:1 |       0 |      47 |   0.0 |       0 |      28 |   0.0 |  1549
           D:2 |       0 |     110 |   0.0 |       0 |      35 |   0.0 |  1030
           D:3 |       0 |     790 |   0.0 |       0 |      13 |   0.0 |  1192
           D:4 |       0 |     196 |   0.0 |       0 |      11 |   0.0 |   671
           D:5 |       0 |     942 |   0.0 |       0 |      14 |   0.0 |  1463
           D:6 |       0 |     638 |   0.0 |       0 |      24 |   0.0 |   874
           D:7 |       0 |     535 |   0.0 |       0 |      20 |   0.0 |   822
           D:8 |       0 |    4275 |   0.0 |       0 |      17 |   0.0 |   984
          D:10 |       0 |     209 |   0.0 |       0 |       2 |   0.0 |    14
          D:11 |       0 |     577 |   0.0 |       0 |       6 |   0.0 |   266
               +---------+---------+-------+---------+---------+-------+---------
